 Dungeon Crawl Stone Soup version 0.31-a0-149-g3fdcc5976a (webtiles) character file.

Game seed: 2806936735608309221

17 qw the Shooter (level 2, -3/18 (25) HPs)
             Began as a Minotaur Hunter on June 7, 2023.
             Slain by a goblin
             ... wielding a +0 club
             ... led by Robin
              (4 damage)
             ... on level 2 of the Dungeon.
             The game lasted 00:00:16 (1093 turns).

qw the Shooter (Minotaur Hunter)                    Turns: 1093, Time: 00:00:16

HP:   -3/18 (25)    AC:  5    Str: 15    XL:     2   Next: 44%
MP:   1/1           EV: 12    Int:  6    God:
Gold: 61            SH:  0    Dex: 13    Spells: 1/1 levels left

rFire   . . .        Y - +0 shortbow
rCold   . . .        (shield currently unavailable)
rNeg    . . .        c - +0 leather armour
rPois   .            (helmet restricted)
rElec   .            (no cloak)
rCorr   .            g - +1 pair of gloves
SInv    +            (no boots)
Will    .....        (no amulet)
Stlth   +            k - ring of see invisible
HPRegen 0.23/turn    (no ring)
MPRegen 0.07/turn

%: no passive effects
@: very heavily drained
A: horns 2, retaliatory headbutt
a: no special abilities


You were on level 2 of the Dungeon.
You visited 1 branch of the dungeon, and saw 2 of its levels.

You collected 61 gold pieces.


Innate Abilities, Weirdness & Mutations

You have a pair of horns on your head.
You reflexively headbutt those who attack you in melee.


   Skills:
 + Level 2.8 Fighting
 - Level 5.0 Ranged Weapons
 - Level 2.1 Dodging
 - Level 0.7 Stealth


You had one spell level left.
You didn't know any spells.
Your spell library was empty.

Inventory:

Hand Weapons
 Y - a +0 shortbow (weapon)
Armour
 c - a +0 leather armour (worn)
 g - a +1 pair of gloves (worn)
Jewellery
 k - a ring of see invisible (left hand)
Scrolls
 b - a scroll of magic mapping {unknown}
 d - a scroll of amnesia {unknown}
 f - a scroll of identify
 i - a scroll of vulnerability {unknown}
Potions
 a - a potion of heal wounds {unknown}
 e - 2 potions of resistance {unknown}
 h - a potion of might
 j - a potion of lignification {unknown}
 l - a potion of curing {unknown}
 m - 3 potions of ambrosia {unknown}

Dungeon Overview and Level Annotations

Branches:
Dungeon (2/15)

Altars:

Annotations:
D:2 Robin


Message History

Robin throws the goblin at you!
A goblin comes into view. It is wielding a +0 club.
You shoot an arrow. The arrow barely misses the goblin.
The goblin shouts!
Robin throws the goblin at you!
The goblin hits you with a +2 dagger of draining.
You feel drained. The goblin hits you with a +0 club.
The goblin closely misses you.
A goblin comes into view. It is wielding a +0 club.
You shoot an arrow. The arrow barely misses the goblin.
The goblin hits you with a +0 club. The goblin hits you but does no damage.
You feel drained.
You shoot an arrow. The arrow hits the goblin.
You kill the goblin!
The goblin hits you with a +2 dagger of draining.
You feel drained.
You shoot an arrow. The arrow hits the hobgoblin.
The hobgoblin is lightly wounded.
The goblin hits you but does no damage.
You feel drained. The hobgoblin hits you.
You shoot an arrow. The arrow barely misses the hobgoblin.
The goblin barely misses you.
The hobgoblin hits you but does no damage.
You shoot an arrow. The arrow hits the hobgoblin.
The hobgoblin is moderately wounded.
The goblin closely misses you. The hobgoblin barely misses you.
You shoot an arrow. The arrow closely misses the hobgoblin.
The goblin barely misses you. The hobgoblin completely misses you.
You furiously retaliate!
You headbutt the hobgoblin!
You kill the hobgoblin!
A goblin comes into view. It is wielding a +0 club.
The goblin hits you but does no damage.
You feel drained. The goblin hits you with a +0 club.
You shoot an arrow. The goblin shouts!
The arrow hits the goblin but does no damage.
Robin throws the goblin at you!
The goblin hits you with a +2 dagger of draining.
You feel drained. The goblin hits you with a +0 club.
You die...

############
#######.....)....######.
........................
........########.######.
######..# #.# ######..#
#g# .:......# #@#
........# #gg...g..
.......#### .g.######
............ ....+
.......####. .....#
..........+ ......+
###########.......#
........# #########
........#


You could see Robin and 4 goblins.

Vanquished Creatures
  A worm (D:2)
  An endoplasm (D:2)
  A giant cockroach (D:1)
  4 goblins
  2 hobgoblins (D:2)
  A quokka (D:2)
  A ball python (D:1)
  2 kobolds (D:1)
  A rat (D:1)
14 creatures vanquished.

Notes
Turn   | Place    | Note
-------+----------+-------------------------------------------
     0 | D:1      | qw the Minotaur Hunter began the quest for the Orb.
     0 | D:1      | Reached XP level 1. HP: 18/18 MP: 0/0
     0 | D:1      | 0 ||| qw: Version: 0.2-a-117-gc6b5c8b
     0 | D:1      | 0 ||| qw: Game counter: 2557
     0 | D:1      | 0 ||| qw: Always use a shield: true
     0 | D:1      | 0 ||| qw: God list: Okawaru
     0 | D:1      | 0 ||| qw: Allow faded altars: false
     0 | D:1      | 0 ||| qw: Do Orc after D:15 true
     0 | D:1      | 0 ||| qw: Do second Lair branch before Depths: true
     0 | D:1      | 0 ||| qw: Lair rune preference: random
     0 | D:1      | 0 ||| qw: Plans: Normal
     0 | D:1      | 0 ||| PLANNING D:1-11
   814 | D:1      | 814 ||| UPGRADING to +1 pair of gloves.
   819 | D:1      | 819 ||| UPGRADING to ring of see invisible.
   820 | D:1      | 820 ||| READING scroll labelled PES XEGRUIX.
   821 | D:1      | 821 ||| READING scroll labelled ACEZAUTIAMN.
   822 | D:1      | 822 ||| READING 3 scrolls labelled NOGGUSYCUH.
   823 | D:1      | 823 ||| READING scroll labelled RYIDANOPRE.
   824 | D:1      | 824 ||| READING 2 scrolls of identify.
   824 | D:1      | 824 ||| IDENTIFYING sapphire potion
   825 | D:1      | 825 ||| DROPPING scroll of butterflies.
  1004 | D:2      | Reached XP level 2. HP: 25/25 MP: 1/1
  1025 | D:2      | Reached skill level 5 in Ranged Weapons
  1083 | D:2      | Noticed Robin
  1092 | D:2      | HP: 4/19 [goblin/+0 club[Robin] (4)]
  1093 | D:2      | HP: 1/19 [goblin/+2 dagger of draining[Robin] (2)]
  1093 | D:2      | Slain by a goblin

Levels and vault maps discovered:
D:1:      roderic_dead_forest, layout_loops_corners, solitary_fountain,
          corner_web_ring, nrook_mini_vaults
D:2:      layout_basic, basic_altar, uniq_robin

Skill      XL: |  1  2 |
---------------+-------+-----
Ranged Weapons | 5 |  5.0
Fighting       | |  2.8
Dodging        | |  2.1
Stealth        | |  0.7

Action                     || total
---------------------------++-------
   Fire: Shortbow          ||    47
    Use: Scroll            ||     5
 Armour: Leather armour    ||    13
  Dodge: Dodged            ||    19

Table legend:
 A = Non-vault XP
 B = Vault XP
 C = Vault XP percentage of total XP
 D = Non-vault monster count
 E = Vault monster count
 F = Vault count percentage of total count
                 A         B        C        D         E       F
            +---------+---------+-------+---------+---------+-------
      Total |      20 |       5 |  20.0 |      11 |       3 |  21.4
            +---------+---------+-------+---------+---------+-------
        D:1 |       9 |       0 |   0.0 |       7 |       0 |   0.0
        D:2 |      11 |       5 |  31.2 |       4 |       3 |  42.9
            +---------+---------+-------+---------+---------+-------
